 Dungeon Crawl Stone Soup version 0.27.1-3-gb3d3a73c9e (webtiles) character file.

Game seed: 5078790916461926992

305 CuBeRJAN3 the Firebug (level 6, 0/36 HPs)
             Began as a Gargoyle Fire Elementalist on Oct 8, 2021.
             Slain by a black bear (5 damage)
             ... on level 5 of the Dungeon.
             The game lasted 00:19:11 (5255 turns).

CuBeRJAN3 the Firebug (Gargoyle Fire Elementalist)  Turns: 5255, Time: 00:19:12

Health: 0/36       AC:  7    Str: 14    XL:     6   Next: 39%
Magic:  4/10       EV: 11    Int: 15    God:
Gold:   92         SH:  0    Dex: 16    Spells: 0/10 levels left

rFire    . . .     SeeInvis .   j - +0 morningstar
rCold    . . .     Faith    .   (no shield)
rNeg     + . .     Spirit   .   g - +0 leather armour
rPois    ∞         Reflect  .   (no helmet)
rElec    +         Harm     .   (no cloak)
rCorr    .         Rampage  .   (no gloves)
Will     .....                  (no boots)
Stlth    ++........             (no amulet)
HPRegen  0.12/turn              e - ring of wizardry
MPRegen  0.12/turn              k - +6 ring of dexterity

@: no status effects
A: sickness immunity, AC +4, negative energy resistance 1, electricity
resistance, torment resistance 1, petrification resistance
a: no special abilities


You were on level 5 of the Dungeon.
You visited 1 branch of the dungeon, and saw 5 of its levels.

You collected 92 gold pieces.

Inventory:

Hand Weapons
 j - a +0 morningstar (weapon)
Armour
 g - a +0 leather armour (worn)
Jewellery
 e - a ring of wizardry (left hand)
 k - a +6 ring of dexterity (right hand)
Wands
 m - a wand of flame (21)
Scrolls
 b - 5 scrolls of teleportation {unknown}
 c - a scroll of acquirement {unknown}
 d - 2 scrolls of torment {unknown}
 i - a scroll of silence {unknown}
 n - a scroll of identify {unknown}
Potions
 a - 2 potions of haste {unknown}
 f - a potion of degeneration {unknown}
 h - a potion of lignification {unknown}
 l - a potion of might {unknown}


   Skills:
 * Level 2.5 Fighting
 * Level 2.2 Maces & Flails
 * Level 2.8 Armour
 - Level 1.5 Dodging
 - Level 2.1 Stealth
 + Level 2.7 Spellcasting
 + Level 2.2 Conjurations
 + Level 1.4 Hexes
 + Level 0.8 Translocations
 + Level 3.4 Fire Magic


You couldn't memorise any spells.
You knew the following spells:

 Your Spells              Type           Power      Damage    Failure   Level
a - Foxfire               Conj/Fire      40%        2x1d6     3%          1
b - Conjure Flame         Conj/Fire      10%        6-21      10%         3
c - Gell's Gravitas       Tloc           2%         N/A       21%         3
d - Inner Flame           Hex/Fire       9%         N/A       12%         3

Your spell library contained the following spells:

 Spells                   Type           Power      Damage    Failure   Level
 Apportation              Tloc           8%         N/A       8%          1
 Pain                     Necr           8%         1d4       11%         1
 Tukima's Dance           Hex            6%         N/A       16%         3
 Sticky Flame             Conj/Fire      10%        2d3       30%         4
 Passage of Golubria      Tloc           N/A        N/A       54%         4
 Fireball                 Conj/Fire      5%         3d5       61%         5
 Lightning Bolt           Conj/Air       2%         1d14      85%         5
 Yara's Violent Unravell  Hex/Tmut       2%         3d3       88%         5
 Summon Forest            Summ/Tloc      1%         N/A       90%         5
 Agony                    Necr           2%         N/A       93%         5
 Excruciating Wounds      Necr           1%         N/A       93%         5
 Conjure Ball Lightning   Conj/Air       2%         3x3d6     100%        6


Dungeon Overview and Level Annotations

Branches:
Dungeon (5/15)
 Temple: D:4-7

Altars:

Annotations:
D:2 1 runed translucent door, exclusion: door, Crazy Yiuf, Terence
D:4 exclusion: scorpion


Innate Abilities, Weirdness & Mutations

You are immune to sickness and miasma.
Your stone body is resilient. (AC +4)
You are immune to poison.
You resist negative energy. (rN+)
You are resistant to electric shocks. (rElec)
You are resistant to unholy torment.
You are immune to petrification.


Message History

Casting: Foxfire (safe; 3% risk of failure)
Confirm with . or Enter, or press ? or * to list all spells.
The spell is quite dangerous to cast (10% risk of failure)!
Continue anyway?
The fire begins to smoulder!
The fire ignites!
Casting: Foxfire (safe; 3% risk of failure)
Press: ? - help, Q - select action, (/) - cycle Dir - look around, f - activate You conjure some foxfire!
Your foxfire dissipates!
Your foxfire dissipates!
Casting: Foxfire (safe; 3% risk of failure)
Press: ? - help, Q - select action, (/) - cycle Dir - look around, f - activate You conjure some foxfire!
The foxfire hits the black bear.
The black bear is severely wounded.
The foxfire hits the black bear.
The black bear is severely wounded.
Casting: Foxfire (safe; 3% risk of failure)
Press: ? - help, Q - select action, (/) - cycle Dir - look around, f - activate You conjure some foxfire!
The black bear goes berserk!
The foxfire hits the black bear.
The black bear is severely wounded.
An ogre comes into view. It is wielding a +0 giant spiked club.
The ogre shouts!
Press: ? - help, v - describe, . - travel
Here: a black bear (severely wounded, berserk)
The floor.
The black bear bites you. The black bear closely misses you.
The black bear claws you. The black bear bites you.
The black bear barely misses you. x2
The black bear bites you but does no damage.
The black bear claws you. x2
There is a stone staircase leading up here.
The black bear bites you!
* * * LOW HITPOINT WARNING * * *
The black bear claws you.
* * * LOW HITPOINT WARNING * * *
The black bear claws you.
You die...

#####.......(.....
#...h.............
#.###........##.######
#.# ########.##+#.....
#.# ##...##(.........
#v# ##................
#.###<......O.........
#.........##.h.........
######.......#@##.....
##.###........... #.#
#...........
..............#.
...............#
#..........#....#
#..........##.<.#
.....#####.........
...........


You could see a black bear (berserk) and an ogre.

Vanquished Creatures
  A scorpion (D:4)
  2 bullfrog skeletons
  2 iguanas (D:4)
  6 adders
  A worm (D:4)
  2 dart slugs (D:3)
  3 orcs (D:3)
  5 endoplasms
  5 giant cockroaches
  12 hobgoblins
  6 quokkas
  6 ball pythons
  5 bats
  4 frilled lizards
  9 goblins
  7 kobolds
  5 rats
81 creatures vanquished.

Vanquished Creatures (others)
  271 foxfires
271 creatures vanquished.

Grand Total: 352 creatures vanquished

Notes
Turn   | Place    | Note
-------+----------+-------------------------------------------
     0 | D:1      | CuBeRJAN3 the Gargoyle Fire Elementalist began the quest
                  | for the Orb.
     0 | D:1      | Reached XP level 1. HP: 10/10 MP: 3/3
   125 | D:1      | Got the Grimoire of Displacement and Blows and Bruises
   254 | D:1      | Reached XP level 2. HP: 16/16 MP: 0/5
   840 | D:1      | Reached skill level 1 in Fighting
   926 | D:1      | Reached skill level 1 in Armour
   965 | D:1      | Reached XP level 3. HP: 20/20 MP: 2/6
  1373 | D:1      | Found a faded altar of an unknown god.
  1811 | D:2      | Learned a level 3 spell: Conjure Flame
  2067 | D:2      | Reached skill level 1 in Maces & Flails
  2072 | D:2      | Reached XP level 4. HP: 12/25 MP: 4/7
  2355 | D:2      | Noticed Terence
  2580 | D:2      | Found a runed translucent door.
  2581 | D:2      | Noticed Crazy Yiuf
  2718 | D:2      | Learned a level 3 spell: Gell's Gravitas
  3305 | D:3      | Reached skill level 1 in Hexes
  3702 | D:4      | Noticed a scorpion
  3825 | D:4      | Noticed a black bear
  3858 | D:3      | Reached XP level 5. HP: 15/30 MP: 8/8
  4608 | D:4      | Reached XP level 6. HP: 36/36 MP: 0/9
  5099 | D:4      | Learned a level 3 spell: Inner Flame
  5120 | D:5      | Entered Level 5 of the Dungeon
  5120 | D:5      | Noticed a black bear
  5255 | D:5      | Slain by a black bear

Illustrated notes

Levels and vault maps discovered:
D:1:      roderic_octagonal_star, layout_basic, chequers_ecumenical_altar_lobes
D:2:      layout_loops_cross, minmay_misc_feat_ornament, uniq_terence,
          uniq_crazy_yiuf_cottage
D:3:      layout_rooms
D:4:      layout_gridville, chequers_serial_rivers_micro_b
D:5:      layout_basic, general_overflow_altar, minivault_26,
          kennysheep_opposing_triangles, uniq_pikel

Skill      XL: |  1  2  3  4  5 |
---------------+----------------+-----
Fighting       | 1 2 |  2.5
Armour         | 1 2 |  2.8
Maces & Flails | 1 2 |  2.2
Hexes          | 1 |  1.4
Conjurations   | 2 |  2.2
Dodging        | |  1.5
Stealth        | |  2.1
Spellcasting   | |  2.7
Translocations | |  0.8
Fire Magic     | |  3.4

Action                   |  1- 3 |  4- 6 || total
-------------------------+-------+-------++-------
Melee: Club              |    65 |    19 ||    84
       Dagger            |     8 |       ||     8
       Morningstar       |       |    13 ||    13
 Cast: Foxfire           |    65 |    94 ||   159
       Gell's Gravitas   |       |     1 ||     1
       Conjure Flame     |       |     2 ||     2
 Stab: Sleeping          |     1 |       ||     1
Armor: Robe              |    16 |       ||    16
       Leather armour    |    17 |    18 ||    35
Dodge: Dodged            |    56 |    30 ||    86
